[Event "*** Titled Tuesday Blitz"]
[Site "Chess.com"]
[Date "2021.02.09"]
[Round "10"]
[White "BabyBoss31"]
[Black "anon481216"]
[Result "1-0"]
[WhiteElo "2353"]
[BlackElo "2448"]
[TimeControl "180+1"]
[EndTime "11:54:44 PST"]
[Termination "BabyBoss31 won by checkmate"]

1. d4 Nf6 2. Bg5 Ne4 3. h4 c5 4.
d5 Qb6 5. Nd2 Nxd2 6. Bxd2 Qxb2 7. e4 Qb6 8. Bc3 d6 9. h5 h6 10. Nf3 Nd7 11. Bd3 Nf6 12. Rb1 Qc7 13. Qd2 a6 14. a4 Bg4 15. Rh4 Bd7 16. a5 O-O-O 17. Rb6 e6 18. Qe2 exd5 19. Bxa6 Bc6 20. Bxf6 gxf6 21.
exd5 Bxd5 22. Qb5 bxa6 23. Qxa6+ Kd7 24. Qb5+ Bc6 25. Qc4 d5 26. Qg4+ Ke8 27. Qf5 Be7 28. Rg4 Kf8 29. Nh4 Re8 30. Kf1 Bd7 31. Ng6+ fxg6 32.
Rxf6+ Bxf6 33. Qxf6+ Kg8 34. Rxg6+ Kh7 35. Qg7# 1-0

[Event "*** Titled Tuesday Blitz"]
[Site "Chess.com"]
[Date "2021.02.09"]
[Round "10"]
[White "Sibelephant"]
[Black "rasmussvane"]
[Result "0-1"]
[WhiteElo "3018"]
[BlackElo "2921"]
[TimeControl "180+1"]
[EndTime "11:54:46 PST"]
[Termination "rasmussvane won on time"]

1. Nf3 d5 2. b3 Bg4 3. e3 e6 4. Bb2 Nf6 5. h3 Bh5 6. d3 Nbd7 7. g4 Bg6 8. g5 Nh5 9. Rg1 Bb4+ 10. Nbd2 Qe7 11. a3 Bd6 12. Nh4 h6 13. Nxg6 fxg6 14.
gxh6 Rxh6 15. c4 O-O-O 16. b4 Bh2 17. Rg2 Be5 18. d4 Bf6 19. Qa4 Kb8 20. c5 e5 21.
Nb3 exd4 22. Bxd4 Nf4 23. Rg3 Ne6 24. O-O-O Nxd4 25. exd4 Rh4 26. Kb1 Rf4 27. Na5 Rxd4 28. Re3 Re4 29. Qb5 Nb6 30. cxb6 axb6 31. Rxe4 Qxe4+ 32.
Bd3 Qe5 0-1

[Event "*** Titled Tuesday Blitz"]
[Site "Chess.com"]
[Date "2021.02.09"]
[Round "10"]
[White "Vanina1989"]
[Black "ChristopherYoo"]
[Result "0-1"]
[WhiteElo "2729"]
[BlackElo "2877"]
[TimeControl "180+1"]
[EndTime "11:54:46 PST"]
[Termination "ChristopherYoo won by checkmate"]

1. d4 Nf6 2. c4 e6 3. Nf3 d5 4.
Nc3 dxc4 5. e3 a6 6. Bxc4 b5 7.
Be2 c5 8. O-O Bb7 9. b3 Nbd7 10. Bb2 Be7 11. Rc1 O-O 12. a4 b4 13.
Nb1 Ne4 14. Nbd2 Bf6 15. Nxe4 Bxe4 16. Nd2 Bd5 17. e4 Bb7 18. e5 Bg5 19. f4 Be7 20.
Nc4 cxd4 21. Bxd4 Nc5 22. Be3 Rc8 23. Nd6 Bxd6 24. exd6 Ne4 25. Rxc8 Qxc8 26. Qd4 Nc3 27. Bc4 Qc6 28. Rf2 Rd8 29. Qa7 h6 30. f5 Rxd6 31.
fxe6 fxe6 32. h3 Ne4 33. Qb8+ Kh7 34. Rf8 Nf6 35. Rh8+ Kg6 36. Bf1 Rd1 37. Rf8 Qxg2# 0-1

[Event "*** Titled Tuesday Blitz"]
[Site "Chess.com"]
[Date "2021.02.09"]
[Round "10"]
[White "XDPS"]
[Black "Marty435"]
[Result "1-0"]
[WhiteElo "2747"]
[BlackElo "2602"]
[TimeControl "180+1"]
[EndTime "11:54:46 PST"]
[Termination "XDPS won on time"]

1. d4 d5 2. Bf4 c5 3. e3 Nc6 4. Nf3 Nf6 5. Nbd2 Qb6 6. dxc5 Qxb2 7. Rb1 Qc3 8. Bb5 g6 9. e4 dxe4 10. Be5 Qa5 11. O-O exf3 12. Qxf3 Qxb5 13. Rxb5 Nxe5 14.
Qe2 Nc6 15. Nf3 Bg7 16. h3 O-O 17. Rd1 Rb8 18. Ne5 Nxe5 19. Qxe5 Be6 20. c6 Nd7 21. Qc7 bxc6 22. Rxb8 Nxb8 23. Qxa7 Bf6 24. a4 Kg7 25. a5 Be5 26. Qb7 Nd7 27. Rxd7 Rb8 28. Qxb8 Bxb8 29. Rb7 Bd6 30. a6 Bc8 31. Rb6 1-0

[Event "*** Titled Tuesday Blitz"]
[Site "Chess.com"]
[Date "2021.02.09"]
[Round "10"]
[White "Mr_Sinigami"]
[Black "KeithArkell"]
[Result "0-1"]
[WhiteElo "2635"]
[BlackElo "2534"]
[TimeControl "180+1"]
[EndTime "11:54:47 PST"]
[Termination "KeithArkell won by resignation"]

1. d4 e6 2. Nf3 Nf6 3. Bf4 c5 4. e3 cxd4 5. exd4 Be7 6. c3 b6 7. a4 Ba6 8. Bb5 Bb7 9. Nbd2 a6 10. Bd3 d6 11. O-O Nbd7 12. Qe2 O-O 13. h3 h6 14.
Rfe1 Re8 15. Bh2 Bf8 16. Nc4 Qc7 17. Ne3 g6 18. Ng4 h5 19. Nxf6+ Nxf6 20. Bf4 Qc6 21. Bg5 Bg7 22. Qd1 Nh7 23. Be3 Nf6 24. Bf1 Qc7 25. Nd2 Bc6 26. Bf4 Nd5 27. Bg3 Red8 28.
Ne4 Nf6 29. Ng5 b5 30. a5 Bd5 31. Bd3 Qb7 32. f3 Rac8 33. Qe2 Bc4 34. h4 Bxd3 35.
Qxd3 Qd5 36. Re2 Qc4 37. Qd2 b4 38. cxb4 Nd5 39. Rxe6 fxe6 40. Rd1 Ne7 41. Qe1 Nf5 42. Bf2 Bxd4 43. Bxd4 Nxd4 44. Kh1 Re8 45. Qe4 Nf5 46.
Qb7 Qxh4+ 47. Kg1 Qxg5 0-1

[Event "*** Titled Tuesday Blitz"]
[Site "Chess.com"]
[Date "2021.02.09"]
[Round "10"]
[White "zeitnot2006"]
[Black "Piotrek1979"]
[Result "1-0"]
[WhiteElo "2530"]
[BlackElo "2391"]
[TimeControl "180+1"]
[EndTime "11:54:47 PST"]
[Termination "zeitnot2006 won by checkmate"]

1. e4 c5 2. Nf3 Nc6 3. Nc3 g6 4. Bc4 Bg7 5. O-O d6 6. a3 Nf6 7. d3 O-O 8. h3 Ne5 9. Nxe5 dxe5 10. Be3 b6 11. a4 a6 12. Nd5 e6 13. Nxf6+ Bxf6 14. Qd2 Qd6 15. Rfb1 a5 16. c3 Bd7 17. b4 axb4 18. cxb4 Bxa4 19. b5 Ra7 20. Ra2 Rfa8 21. Rba1 Qc7 22. Ra3 Be7 23. Qa2 Bd6 24. Qb2 Kg7 25.
R1a2 f5 26. Qa1 f4 27. Bd2 f3 28. Rxa4 Rxa4 29. Rxa4 Rxa4 30. Qxa4 fxg2 31. Kxg2 Be7 32. Qa8 h5 33. Bxe6 Bh4 34. Qg8+ Kf6 35. Bd5 Qg7 36. Qe6# 1-0

[Event "*** Titled Tuesday Blitz"]
[Site "Chess.com"]
[Date "2021.02.09"]
[Round "10"]
[White "Shuvalov"]
[Black "Xeniya2005"]
[Result "1-0"]
[WhiteElo "2492"]
[BlackElo "2348"]
[TimeControl "180+1"]
[EndTime "11:54:47 PST"]
[Termination "Shuvalov won by resignation"]

1. Nf3 d5 2. c4 d4 3. b4 c5 4. e3 dxe3 5. fxe3 cxb4 6. d4 g6 7. a3 b3 8. Qxb3 Bg7 9. Be2 Nf6 10. O-O O-O 11. Bb2 b6 12. Nbd2 Bb7 13. a4 Nbd7 14. a5 e5 15. a6 Be4 16. Nxe4 Nxe4 17. Qc2 f5 18. Rfd1 Qc7 19. Nd2 Nxd2 20. Qxd2 e4 21. Rf1 Rad8 22. Qb4 Rfe8 23. Qb3 h6 24. c5+ Kh7 25.
cxb6 Nxb6 26. Rac1 Qb8 27. Qf7 Rd7 28. Qa2 Rf8 29.
Bb5 Rdd8 30. Ba3 Rf6 31. Be7 Nd5 32. Bxd8 Qxd8 33. Rfe1 Qb6 34. Qxd5 1-0

[Event "*** Titled Tuesday Blitz"]
[Site "Chess.com"]
[Date "2021.02.09"]
[Round "10"]
[White "GM_LOADING"]
[Black "UCantHandleDenker"]
[Result "0-1"]
[WhiteElo "2467"]
[BlackElo "2613"]
[TimeControl "180+1"]
[EndTime "11:54:48 PST"]
[Termination "UCantHandleDenker won on time"]

1. d4 Nf6 2. Nf3 g6 3. Bg5 Bg7 4. Nbd2 O-O 5. e3 d6 6. Bc4 c5 7. c3 Nc6 8. O-O Qc7 9. Re1 a6 10. e4 b5 11. Bf1 cxd4 12. cxd4 Bg4 13. h3 Bxf3 14. Nxf3 Qb6 15. Rc1 Rfc8 16. e5 Nd5 17. exd6 exd6 18. Bd3 Nf6 19. Qc2 Na7 20. Qb3 Rxc1 21.
Rxc1 Rc8 22. Re1 Nc6 23. Bc4 Qc7 24. Bd3 Qd7 25. a4 Na5 26. Qb4 Nc4 27. axb5 Qxb5 28. Qxb5 axb5 29. Rc1 Rb8 30. b3 Na3 31. Rc6 Ne8 0-1

[Event "*** Titled Tuesday Blitz"]
[Site "Chess.com"]
[Date "2021.02.09"]
[Round "10"]
[White "c_r_e_e_p_e_r"]
[Black "Sjakkerntobi"]
[Result "1-0"]
[WhiteElo "2388"]
[BlackElo "2298"]
[TimeControl "180+1"]
[EndTime "11:54:48 PST"]
[Termination "c_r_e_e_p_e_r won by resignation"]

1. e4 e6 2. d4 d5 3. Nd2 a6 4.
Ngf3 Nf6 5. e5 Nfd7 6. Bd3 c5 7. c3 Nc6 8. O-O g5 9. dxc5 g4 10. Nd4 Ndxe5 11. Bc2 Bxc5 12. N2b3 Bd6 13. f4 gxf3 14. Nxf3 Nxf3+ 15. Qxf3 Qe7 16. Qh5 Bd7 17. Bg5 Qf8 18. Bf6 Rg8 19. Bxh7 Rh8 20. Bxh8 Qxh8 21. Rxf7 O-O-O 22. Bg6 Qxh5 23. Bxh5 Be8 24. Rh7 e5 25. Bxe8 Rxe8 26.
Rf1 Nd8 27. Rd1 e4 28. Rxd5 e3 29. Nd4 Nc6 30. Nf3 Ne5 31. Nxe5 Bxe5 32. Kf1 Bf4 33. Ke2 Rg8 34. g3 Bb8 35. Rdd7 b5 36. Kxe3 Re8+ 37. Rhe7 Rh8 38. Rh7 Re8+ 39. Rde7 Rf8 40. Ref7 Re8+ 41. Kf3 Re3+ 42. Kxe3 Bc7 43. Rxc7+ Kd8 44.
Ra7 1-0

[Event "*** Titled Tuesday Blitz"]
[Site "Chess.com"]
[Date "2021.02.09"]
[Round "10"]
[White "Volodar_Murzin"]
[Black "Jospem"]
[Result "1-0"]
[WhiteElo "2651"]
[BlackElo "3005"]
[TimeControl "180+1"]
[EndTime "11:54:49 PST"]
[Termination "Volodar_Murzin won by checkmate"]

1. e4 c5 2. Nf3 d6 3. Bb5+ Nd7 4. O-O Nf6 5. Re1 a6 6. Bf1 b6 7. d4 cxd4 8. Nxd4 Bb7 9. c4 e6 10. Nc3 Be7 11. f3 O-O 12. Be3 Rc8 13. Qd2 Qc7 14. Rac1 Qb8 15. Kh1 Rfd8 16. Red1 Ne5 17. Na4 Nfd7 18.
b4 Ba8 19. Rc2 Kh8 20. Rb1 Rg8 21. Qc1 g5 22. c5 b5 23. c6 Nf8 24. c7 Qb7 25.
Nb6 g4 26. f4 Neg6 27. Nxc8 Qxc8 28. Nc6 Qxc7 29. Bd4+ f6 30. Nxe7 Qxe7 31. Rc7 Nd7 32. Rxd7 Qxd7 33. Bxf6+ Rg7 34. f5 Ne5 35. Qh6 exf5 36.
exf5 Kg8 37. Bxg7 Qxg7 38. Qxd6 Be4 39. Re1 Nf3 40. Rxe4 Qa1 41. Re8+ Kf7 42. Qf8# 1-0

[Event "*** Titled Tuesday Blitz"]
[Site "Chess.com"]
[Date "2021.02.09"]
[Round "10"]
[White "Skatchkov_V"]
[Black "eduardoperalta"]
[Result "0-1"]
[WhiteElo "2524"]
[BlackElo "2424"]
[TimeControl "180+1"]
[EndTime "11:54:50 PST"]
[Termination "eduardoperalta won by resignation"]

1. d4 Nf6 2. c4 g6 3. Nf3 Bg7 4. g3 c6 5. Bg2 d5 6. O-O O-O 7. a4 Bf5 8. Nc3 Ne4 9. cxd5 cxd5 10. Qb3 Nc6 11. Qxb7 Nxd4 12. Nxd4 Bxd4 13. Nxd5 Rb8 14. Nxe7+ Kh8 15. Qd5 Qxd5 16. Nxd5 Bxb2 17. Bxb2+ Rxb2 18. g4 Nd2 19. gxf5 Nxf1 20. Bxf1 gxf5 21. e3 Rd8 22.
Nf4 Rdd2 23. Rc1 Rxf2 24. Nd3 Rfc2 25. Rd1 Ra2 26. Nb4 Rd2 27. Nxa2 Rxd1 28. Nc3 Rc1 29. Nd5 Ra1 30. Ne7 Rxa4 31. Nxf5 Ra1 32. Kf2 a5 33.
Nd4 a4 34. Bc4 a3 35. Bxf7 a2 36. Nc2 Rc1 0-1

[Event "*** Titled Tuesday Blitz"]
[Site "Chess.com"]
[Date "2021.02.09"]
[Round "10"]
[White "Sergienko_Sergey"]
[Black "mirochka"]
[Result "1-0"]
[WhiteElo "2392"]
[BlackElo "2262"]
[TimeControl "180+1"]
[EndTime "11:54:51 PST"]
[Termination "Sergienko_Sergey won on time"]

1. e4 c5 2. Nf3 Nc6 3. Bb5 e6 4.
O-O Nge7 5. Re1 a6 6. Bxc6 Nxc6 7. d4 cxd4 8. Nxd4 Qc7 9. Nxc6 dxc6 10. e5 Bc5 11. Qg4 f5 12. exf6 gxf6 13. Qh5+ Qf7 14. Qxc5 Rg8 15. Bf4 e5 16. Bg3 Be6 17. Nc3 O-O-O 18.
Rad1 h5 19. h4 Bg4 20. Rxd8+ Rxd8 21. Ne4 Qe6 22. Qb6 Rd4 23. Nc5 Qe7 24. c3 Rd2 25.
a4 Bf5 26. b4 Rb2 27. Nxa6 bxa6 28. Qxc6+ Kb8 29. Qxa6 Qc7 30. Qxf6 Qc6 31. Qxc6 1-0

[Event "*** Titled Tuesday Blitz"]
[Site "Chess.com"]
[Date "2021.02.09"]
[Round "10"]
[White "VladimirBugayev"]
[Black "kai_nov"]
[Result "0-1"]
[WhiteElo "2278"]
[BlackElo "2369"]
[TimeControl "180+1"]
[EndTime "11:54:52 PST"]
[Termination "kai_nov won on time"]

1. e4 c5 2. Nc3 e6 3. f4 d5 4. Nf3 dxe4 5. Nxe4 Nc6 6. d3 Be7 7. b3 Nf6 8. Bb2 O-O 9. Be2 Nd5 10. Qd2 f5 11. Nf2 Qc7 12. g3 Bf6 13. Bxf6 Rxf6 14. O-O e5 15. Nxe5 Nxe5 16. fxe5 Qxe5 17. Bf3 Be6 18.
Rae1 Qd4 19. c4 Nb4 20. a3 Nc6 21. Rxe6 Rxe6 22. Bd5 Re8 23. Re1 Ne5 24. Bxe6+ Rxe6 25. Kg2 Kf7 26. Qe3 Qxe3 27. Rxe3 Nc6 28. Rxe6 Kxe6 29. Nh3 h6 30. Nf4+ Ke5 31. Ne2 Nd4 32. Nc1 Nc2 0-1

[Event "*** Titled Tuesday Blitz"]
[Site "Chess.com"]
[Date "2021.02.09"]
[Round "10"]
[White "Alex-11211"]
[Black "Irina_Baraeva"]
[Result "1/2-1/2"]
[WhiteElo "2406"]
[BlackElo "2312"]
[TimeControl "180+1"]
[EndTime "11:54:53 PST"]
[Termination "Game drawn by repetition"]

1. e4 e6 2. Nf3 d5 3. Nc3 c5 4.
exd5 exd5 5. Bb5+ Nc6 6. d4 Be6 7. O-O Bd6 8. Re1 Ne7 9. Ng5 O-O 10. Nxe6 fxe6 11. Rxe6 Nxd4 12. Bd3 Nxe6 13. Qh5 g6 14. Qg4 Nf5 15. Nxd5 Bxh2+ 16. Kxh2 Qxd5 17. Kg1 Rad8 18. b3 Qe5 19. Rb1 Qe1+ 20. Kh2 Ned4 21. Bc4+ Kg7 22. c3 Qxf2 23. cxd4 Rxd4 24. Bb2 Ne3 25. Bxd4+ cxd4 26.
Qxd4+ Rf6 27. Qd7+ Kh6 28. Qh3+ Kg7 29. Qd7+ Kh6 30.
Qh3+ Kg7 31. Qd7+ 1/2-1/2

[Event "*** Titled Tuesday Blitz"]
[Site "Chess.com"]
[Date "2021.02.09"]
[Round "10"]
[White "Kobalia"]
[Black "sokidze"]
[Result "1-0"]
[WhiteElo "2687"]
[BlackElo "2532"]
[TimeControl "180+1"]
[EndTime "11:54:54 PST"]
[Termination "Kobalia won on time"]

1. e4 c6 2. d4 d5 3. exd5 cxd5 4. Bd3 Nc6 5. c3 Qc7 6. Ne2 Bg4 7. O-O Bh5 8. Qb3 e6 9. Nf4 Bg6 10. Nxg6 hxg6 11.
g3 Bd6 12. Nd2 Nf6 13. Nf3 O-O-O 14. Bg5 Kb8 15. Rac1 Rc8 16. Rfe1 Nd7 17. Qd1 e5 18. dxe5 Ndxe5 19. Bf1 f6 20. Nxe5 Bxe5 21. Be3 Rcd8 22. Bg2 Ka8 23. Qa4 g5 24. Rcd1 f5 25. Rxd5 Rxd5 26. Bxd5 f4 27. Bc5 fxg3 28. hxg3 Bxg3 29. Bxc6 Bxf2+ 30. Bxf2 bxc6 31. Re3 Qh2+ 32. Kf1 Qh1+ 33. Ke2 Qh5+ 34. Kd2 Rd8+ 35. Kc1 Qh1+ 36. Re1 1-0

[Event "*** Titled Tuesday Blitz"]
[Site "Chess.com"]
[Date "2021.02.09"]
[Round "10"]
[White "JiiHart"]
[Black "MarceloPlaya"]
[Result "0-1"]
[WhiteElo "2102"]
[BlackElo "2277"]
[TimeControl "180+1"]
[EndTime "11:54:54 PST"]
[Termination "MarceloPlaya won by resignation"]

1. e4 e6 2. d4 d5 3. Nc3 Bb4 4. e5 c5 5. a3 Bxc3+ 6. bxc3 Ne7 7.
Qg4 Qc7 8. Qxg7 Rg8 9. Qxh7 cxd4 10.
Ne2 Nbc6 11. f4 dxc3 12. Qd3 Bd7 13. Rg1 Rc8 14. g4 Na5 15. a4 Nc4 16. Rb1 Bxa4 17. Nxc3 Nxe5 18. fxe5 Qxc3+ 19. Qxc3 Rxc3 20. Rxb7 Rxc2 21. Ba3 Nc6 22. Bd3 Rxh2 23. Bb5 Bxb5 24. Rxb5 Rgh8 25. Bd6 Nd4 26. Rb8+ Kd7 27. Rxh8 Rxh8 28. Kf2 Rh2+ 29. Kg3 Rb2 30. Rf1 Rb3+ 31. Kh4 f5 32. gxf5 Nxf5+ 33. Kg5 Nxd6 34. exd6 Kxd6 35. Ra1 Rb7 36. Ra6+ Ke5 37.
Kg6 d4 38. Kg5 Kd5 39. Kg4 Rf7 40. Kg3 e5 41. Ra5+ Ke4 0-1

[Event "*** Titled Tuesday Blitz"]
[Site "Chess.com"]
[Date "2021.02.09"]
[Round "10"]
[White "Klavdia_Nik"]
[Black "ElCoachRene"]
[Result "0-1"]
[WhiteElo "2058"]
[BlackElo "2198"]
[TimeControl "180+1"]
[EndTime "11:54:54 PST"]
[Termination "ElCoachRene won on time"]

1. Nf3 Nc6 2. d4 d5 3. g3 Bg4 4. Bg2 Nf6 5. h3 Bxf3 6. Bxf3 e6 7. O-O Bd6 8. c4 O-O 9. Nc3 dxc4 10. e4 Be7 11.
Be3 Nb4 12. a3 Nd3 13. b3 c6 14. bxc4 Nb2 15. Qb3 Qb6 16. Qa2 Nd3 17. Rfd1 Qa5 18.
Rxd3 Rfd8 19. Ne2 e5 20. d5 cxd5 21. cxd5 Nd7 22. Qd2 Qa6 23. a4 Bc5 24. Rb3 b6 25. Nc3 Rac8 26. Nb5 Bf8 27. Be2 Qb7 28. Rc1 a6 29.
Nc3 Bc5 30. Na2 Qa7 31. Rbc3 Bxe3 32. Qxe3 Nc5 33. a5 Qb7 34. axb6 Qxb6 35. Rxc5 Rxc5 36. Qxc5 Qb2 37. Qc2 Qb6 38. Kh2 Qxf2+ 39. Kh1 Qxg3 40. Bf1 Qf3+ 41. Qg2 Qf4 42. Bxa6 Rf8 43. Rc6 h6 0-1

[Event "*** Titled Tuesday Blitz"]
[Site "Chess.com"]
[Date "2021.02.09"]
[Round "10"]
[White "DanilNajdin"]
[Black "1977Ivan"]
[Result "0-1"]
[WhiteElo "2476"]
[BlackElo "2671"]
[TimeControl "180+1"]
[EndTime "11:54:55 PST"]
[Termination "1977Ivan won by resignation"]

1. e4 c5 2. Nf3 e6 3. d4 cxd4 4.
Nxd4 Nc6 5. Nxc6 bxc6 6. Bd3 d5 7. Nd2 Bd6 8. O-O Ne7 9. b3 O-O 10. Bb2 e5 11. Qe2 f5 12. exd5 e4 13. Bc4 cxd5 14. Nxe4 fxe4 15. Qxe4 dxc4 16. Qxa8 Qc7 17. Qe4 c3 18.
Bc1 Bf5 19. Qe2 Bxh2+ 20. Kh1 Bd6 21. Bg5 Ng6 22. Rad1 h6 23. Be3 Kh7 24. Rd5 Qe7 25. Kg1 Nf4 26. Qb5 Nxd5 27. Qxd5 Be4 28. Qd4 Rf5 29. Rd1 Rd5 30. Qxd5 Bxd5 31. Rxd5 Bc7 32. Rd3 Qe5 33. f4 Qe4 34. Bd4 Bxf4 35. Bxc3 Be3+ 36. Kf1 Qf4+ 37. Ke2 Qf2+ 38. Kd1 Qf1+ 39. Be1 Bf2 0-1

[Event "*** Titled Tuesday Blitz"]
[Site "Chess.com"]
[Date "2021.02.09"]
[Round "10"]
[White "ErikRonka"]
[Black "GianmarcoVaR"]
[Result "0-1"]
[WhiteElo "2450"]
[BlackElo "2575"]
[TimeControl "180+1"]
[EndTime "11:54:55 PST"]
[Termination "GianmarcoVaR won by resignation"]

1. e4 e5 2. Nc3 Bc5 3. Bc4 Nf6 4. f4 d5 5. exd5 Ng4 6. Nf3 Nf2 7. Qe2 Nxh1 8. d4 Bb4 9. dxe5 Bg4 10. Bd2 Bxf3 11. Qxf3 Qh4+ 12. g3 Qxh2 13. O-O-O Nxg3 14. d6 Nc6 15. d7+ Kxd7 16. Be1+ Kc8 17. Bxg3 Qh6 18. Qg4+ Kb8 19. Bxf7 Nxe5 20. Qe6 Nxf7 21. Qxf7 Bxc3 22.
bxc3 Qf6 23. Qc4 Rd8 24. Rf1 Qa6 25. Qxa6 bxa6 26. f5 Kb7 27. f6 gxf6 28. Rxf6 Rd7 29. Rh6 Rg8 30. Be5 Rg6 31. Rh5 Rd5 32. Rxh7 Rxe5 0-1

[Event "*** Titled Tuesday Blitz"]
[Site "Chess.com"]
[Date "2021.02.09"]
[Round "10"]
[White "bugsbunny444"]
[Black "Happy1712Drummer"]
[Result "0-1"]
[WhiteElo "2585"]
[BlackElo "2430"]
[TimeControl "180+1"]
[EndTime "11:54:57 PST"]
[Termination "Happy1712Drummer won by resignation"]

1. Nf3 Nf6 2. c4 c6 3. g3 d5 4. Bg2 Bg4 5. Ne5 Be6 6. cxd5 Bxd5 7. Nf3 c5 8. Nc3 Bc6 9. O-O e6 10. Re1 Nbd7 11. e4 Be7 12. d4 cxd4 13. Nxd4 Ne5 14. h3 O-O 15. Be3 Nc4 16. Nxc6 bxc6 17. Qe2 Nxe3 18. Qxe3 Qb6 19. Na4 Qxe3 20. Rxe3 Rfd8 21. Rc1 Rd4 22. b3 c5 23. Nxc5 Rc8 24. Rec3 h5 25. R1c2 g5 26. f3 Bd6 27. Kf2 h4 28. gxh4 gxh4 29.
Ke3 Rd1 30. Nd3 Rxc3 31. Rxc3 Rg1 32. e5 Nd5+ 33. Kd4 Bxe5+ 34. Nxe5 Nxc3 0-1

[Event "*** Titled Tuesday Blitz"]
[Site "Chess.com"]
[Date "2021.02.09"]
[Round "10"]
[White "Kurkusha"]
[Black "soumeow"]
[Result "1-0"]
[WhiteElo "2348"]
[BlackElo "2211"]
[TimeControl "180+1"]
[EndTime "11:54:57 PST"]
[Termination "Kurkusha won on time"]

1. d4 Nf6 2. Nf3 g6 3. c4 d5 4.
cxd5 Nxd5 5. Nc3 Bg7 6. g3 O-O 7. Bg2 Nb6 8. O-O Nc6 9. e3 a5 10. Re1 Re8 11. Qe2 e5 12. dxe5 Nxe5 13. Nxe5 Bxe5 14.
Rd1 Qe7 15. Bd2 c6 16. Be1 Be6 17. Rac1 a4 18. h4 Bc4 19. Qg4 h5 20. Qf3 Nd5 21.
Qe4 b5 22. Nxd5 cxd5 23. Qb1 Rad8 24. b3 axb3 25. axb3 Be2 26. Rxd5 Rxd5 27. Bxd5 Bxg3 28. fxg3 Qxe3+ 29. Bf2 1-0

[Event "*** Titled Tuesday Blitz"]
[Site "Chess.com"]
[Date "2021.02.09"]
[Round "10"]
[White "Evgeny81"]
[Black "exoticprincess"]
[Result "0-1"]
[WhiteElo "2749"]
[BlackElo "2865"]
[TimeControl "180+1"]
[EndTime "11:54:58 PST"]
[Termination "exoticprincess won by resignation"]

1. e4 c6 2. d4 d5 3. Nc3 dxe4 4. Nxe4 Bf5 5. Ng3 Bg6 6. Nh3 e6 7. c3 Bd6 8. Nf4 Qc7 9. Qf3 Nf6 10. Bc4 Nbd7 11. O-O O-O-O 12. b4 Nb6 13. Bb3 Nbd5 14.
Nxg6 hxg6 15. h3 Ne7 16. Ne4 Nxe4 17. Qxe4 Nf5 18. a4 Rh4 19. Qf3 Bh2+ 20. Kh1 Bf4 21. Kg1 Rdh8 22. Re1 g5 23. Kf1 Bxc1 24. Raxc1 Rf4 25.
Qd3 g4 26. hxg4 Rxg4 27. Qf3 Rxd4 28. g3 Rd2 29. Rc2 Rdd8 30. Kg2 Rh6 31. Rcc1 Rg6 32. Kf1 Nxg3+ 33. fxg3 Rf6 0-1

[Event "*** Titled Tuesday Blitz"]
[Site "Chess.com"]
[Date "2021.02.09"]
[Round "10"]
[White "Angel_Hranitel_37"]
[Black "Margency"]
[Result "1-0"]
[WhiteElo "2517"]
[BlackElo "2636"]
[TimeControl "180+1"]
[EndTime "11:54:58 PST"]
[Termination "Angel_Hranitel_37 won by resignation"]

1. Nf3 d5 2. d4 e6 3. c4 c5 4. cxd5 exd5 5. g3 Nf6 6. Bg2 Nc6 7. O-O Be7 8. dxc5 Bxc5 9. a3 Ne4 10. Nfd2 f5 11. Nc3 O-O 12. Na4 Be7 13. Nb3 Bf6 14. f3 Ng5 15. Bxg5 Bxg5 16. f4 Bf6 17. Qxd5+ Kh8 18.
Qxd8 Rxd8 19. Rfd1 Be6 20. Nbc5 Bg8 21. Nxb7 Rxd1+ 22. Rxd1 Nd4 23. e3 Bb3 24. Rxd4 Bxd4 25. exd4 Bxa4 26. Nc5 Rd8 27. Nxa4 Rxd4 28. Nc3 Rd2 29.
b4 Rd3 30. Nb5 a6 31. Bf1 Rb3 32. Nc7 Rxa3 33. Nxa6 g6 34. b5 Rb3 35. Nc5 Rb2 36.
Nd7 Kg7 37. Bc4 Rd2 38. Be6 Rd6 39. b6 Rxe6 40. b7 Re1+ 41. Kf2 Rb1 42. b8=Q Rxb8 43. Nxb8 Kf6 44. Nc6 h6 45. Ke3 g5 46. Kd4 1-0

[Event "*** Titled Tuesday Blitz"]
[Site "Chess.com"]
[Date "2021.02.09"]
[Round "10"]
[White "paulrusan"]
[Black "C_K_G"]
[Result "1-0"]
[WhiteElo "2242"]
[BlackElo "2101"]
[TimeControl "180+1"]
[EndTime "11:54:58 PST"]
[Termination "paulrusan won by checkmate"]

1. e4 c5 2. b4 b6 3. bxc5 bxc5 4. Nc3 a6 5. Nf3 e6 6. Bc4 Bb7 7. Rb1 Qc7 8. e5 Nc6 9. Qe2 Nge7 10. Ne4 Nf5 11.
c3 d5 12. exd6 Nxd6 13. Nxc5 Nxc4 14. Rxb7 Qc8 15. Qxc4 Bxc5 16. Qxc5 Qxb7 17. O-O Qb5 18.
Qd6 Qd5 19. Qc7 O-O 20. d4 Rfc8 21. Qg3 Ne7 22. Bd2 Qxa2 23. h4 Nf5 24. Qf4 h5 25. Qg5 g6 26. Qf6 Rc7 27. Re1 Rb8 28. Bf4 Rcb7 29. Be5 Kf8 30. Ng5 Ke8 31. Bxb8 Qd2 32. Rxe6+ fxe6 33. Qxe6+ Re7 34. Qc8# 1-0

[Event "*** Titled Tuesday Blitz"]
[Site "Chess.com"]
[Date "2021.02.09"]
[Round "10"]
[White "mbojan"]
[Black "zacachess"]
[Result "1-0"]
[WhiteElo "2613"]
[BlackElo "2417"]
[TimeControl "180+1"]
[EndTime "11:55:00 PST"]
[Termination "mbojan won by resignation"]

1. d4 Nf6 2. g3 e6 3. Bg2 d5 4. Nf3 Be7 5. O-O O-O 6. c4 c6 7. Qc2 Nbd7 8. Rd1 b6 9. Bf4 Bb7 10. Nc3 c5 11. Ne5 cxd4 12. Rxd4 Nxe5 13. Bxe5 Nd7 14. Bf4 e5 15. Nxd5 exd4 16. Nxe7+ Qxe7 17. Bxb7 Rad8 18. Bf3 Ne5 19. Bxe5 Qxe5 20. Rd1 Rfe8 21. b3 a5 22. Kg2 g6 23. Rd2 Kg7 24. Qd1 Rd6 25.
Bd5 Rxd5 26. cxd5 Qxd5+ 27. Kg1 Rd8 28. Rd3 h5 29. e3 Qf5 30. Rxd4 Rc8 31. h4 Rc2 32.
Rf4 Qc5 33. Qf3 f5 34. Rd4 Rxa2 35. Qb7+ Kh6 36. Rd7 Ra1+ 37. Kg2 g5 38. Rh7+ 1-0

[Event "*** Titled Tuesday Blitz"]
[Site "Chess.com"]
[Date "2021.02.09"]
[Round "10"]
[White "sara_khm"]
[Black "m_ezat"]
[Result "1-0"]
[WhiteElo "2707"]
[BlackElo "2557"]
[TimeControl "180+1"]
[EndTime "11:55:01 PST"]
[Termination "sara_khm won by resignation"]

1. d4 Nf6 2. c4 g6 3. g3 Bg7 4. Bg2 O-O 5. Nc3 d6 6. Nf3 Nc6 7. O-O Bg4 8. d5 Bxf3 9. exf3 Na5 10. b3 c5 11. dxc6 bxc6 12. Bb2 Rb8 13. Qe2 Re8 14. Rad1 c5 15. f4 Qb6 16. Rfe1 Nc6 17. Na4 Qc7 18. Qf3 Nb4 19. Re2 h5 20. Rde1 e6 21. Rd1 Red8 22. Red2 Ne8 23. Bxg7 Nxg7 24. Nc3 Nf5 25. Nb5 Qe7 26. a3 Na6 27. Bh3 Nc7 28. Nxa7 Nd4 29.
Rxd4 cxd4 30. Nc6 Qf6 31. Nxd8 Rxd8 32. Qc6 Ne8 33. Qb6 Ra8 34. a4 d3 35. Rxd3 Qb2 36. Qd4 Qb1+ 37. Bf1 Rb8 38. Qe3 Nf6 39. h3 d5 40. Qe5 Ne4 41. Qxb8+ Kh7 42. cxd5 Qe1 43.
Qb6 h4 44. Qe3 1-0

[Event "*** Titled Tuesday Blitz"]
[Site "Chess.com"]
[Date "2021.02.09"]
[Round "10"]
[White "BvsN"]
[Black "Kapibara_Warri0r"]
[Result "1-0"]
[WhiteElo "2337"]
[BlackElo "2188"]
[TimeControl "180+1"]
[EndTime "11:55:02 PST"]
[Termination "BvsN won by resignation"]

1. c4 e5 2. Nc3 Nf6 3. Nf3 Nc6 4. e3 d5 5. cxd5 Nxd5 6. Bb5 Nxc3 7. bxc3 Bd6 8. d4 exd4 9. cxd4 Bd7 10. O-O O-O 11. Rb1 Bg4 12. Bc4 Rb8 13. Bd2 Ne7 14. e4 c6 15. h3 Bxf3 16. Qxf3 Bc7 17. Be3 Ng6 18. g3 Qe7 19. h4 h5 20. e5 Bxe5 21. dxe5 Nxe5 22.
Qe4 Qf6 23. Be2 Rfe8 24. Qf4 Qe6 25. Bxh5 Nd3 26. Qd4 Qf5 27. Be2 Ne5 28. Bf4 c5 29. Qc3 Rbd8 30. Bxe5 Rxe5 31. Bc4 Qg4 32. Rbe1 Rde8 33.
Rxe5 1-0